Map: Triton LE

Players

Serral - Winner!

  • Race: Zerg Zerg
  • Spawn Location: 11:00

Stats

  • Race: Protoss Protoss
  • Spawn Location: 5:00

Event: 2019 WCS Global FInals

VOD

Have the link to the VOD?

Description

Time

  • Played on: Oct. 25, 2019, 1:04 a.m.
  • Length: 15:15

All games in this series

Show
View Real Time Build Order
Export as new Build Order

Serral Zerg - Winner!

Build Orders: Hatch First, Brood Lord Corruptor, Muta Ling Bane 

Get SALT Encoding   

  12  0:00  Drone  
  13  0:12  Overlord  
  13  0:17  Drone  
  14  0:31  Drone x2  
  16  0:48  Hatchery  
  15  0:51  Drone  
  15  0:54  Drone  
  17  0:57  Drone  
  18  1:09  Extractor  
  17  1:13  Spawning Pool  
  17  1:16  Drone  
  17  1:19  Drone  
  18  1:28  Drone  
  19  1:38  Drone  
  20  1:49  Overlord  
  20  1:59  Queen x2  
  20  2:00  Zergling x2  
  20  2:01  Zergling x2  
  26  2:10  Drone  
  26  2:11  Drone  
  28  2:22  Drone x2  
  30  2:33  Drone x2, Hatchery  
  31  2:37  Pneumatized Carapace  
  31  2:45  Queen  
  31  2:50  Overlord  
  33  2:53  Drone  
  33  2:54  Drone  
  33  2:56  Drone  
  36  3:01  Metabolic Boost  
  36  3:10  Drone x3  
  36  3:11  Drone x2  
  41  3:20  Queen  
  41  3:21  Overlord  
  43  3:31  Drone  
  43  3:32  Roach Warren  
  43  3:36  Drone  
  43  3:39  Overlord, Drone  
  45  3:42  Drone x2  
  45  3:45  Extractor  
  45  3:46  Drone x2  
  45  3:47  Extractor  
  47  3:52  Drone  
  47  3:54  Zergling x4  
  47  3:55  Zergling x4  
  52  3:59  Overlord  
  52  4:12  Roach x4  
  52  4:15  Roach x2  
  64  4:19  Overlord  
  64  4:21  Roach  
  64  4:23  Roach  
  68  4:29  Roach x2  
  71  4:34  Roach  
  71  4:35  Overlord  
  70  4:46  Roach x3  
  66  5:00  Lair  
  66  5:02  Drone  
  63  5:16  Drone  
  63  5:19  Drone  
  65  5:25  Drone x2  
  67  5:30  Overlord  
  67  5:33  Drone  
  67  5:35  Extractor  
  67  5:37  Drone  
  67  5:41  Drone  
  67  5:42  Drone  
  71  5:45  Drone x2  
  71  5:49  Evolution Chamber  
  72  5:55  Drone x2  
  72  5:57  Drone  
  72  5:58  Drone  
  72  6:02  Glial Reconstitution  
  73  6:05  Drone x2  
  73  6:10  Drone x2  
  78  6:12  Drone  
  79  6:19  Overseer  
  79  6:22  Drone x2  
  81  6:29  Overlord  
  81  6:38  Evolution Chamber, Drone x2  
  82  6:40  Drone  
  82  6:41  Drone  
  82  6:42  Drone x2  
  82  6:43  Drone x3  
  82  6:44  Drone  
  89  6:47  Overlord  
  89  6:51  Extractor, Roach x2  
  92  6:54  Roach x2  
  96  7:04  Extractor  
  96  7:05  Drone x3  
  96  7:06  Spire  
  96  7:07  Drone x2  
  99  7:12  Overlord  
  99  7:19  Drone x2  
  99  7:20  Drone  
  102  7:24  Overlord, Extractor  
  102  7:25  Roach x4  
  102  7:29  Roach x2  
  113  7:31  Ravager x3  
  113  7:36  Ravager  
  117  7:39  Overseer, Roach x2  
  117  7:40  Overlord  
  117  7:43  Ravager  
  122  7:46  Zergling x10  
  127  7:54  Overlord  
  127  8:04  Overlord  
  127  8:17  Drone x3  
  127  8:18  Mutalisk x7, Drone x2  
  146  8:21  Overlord  
  146  8:25  Overlord  
  145  8:29  Overlord  
  145  8:33  Overseer  
  145  8:34  Overseer  
  145  8:35  Baneling Nest  
  145  8:36  Roach x4  
  152  8:42  Roach x3  
  158  8:49  Drone x3  
  158  8:54  Overlord  
  161  8:58  Evolution Chamber, Drone  
  161  8:59  Zergling x12  
  167  9:03  Zergling x2  
  168  9:15  Hatchery  
  168  9:16  Mutalisk x2  
  168  9:17  Mutalisk, Infestation Pit  
  167  9:23  Mutalisk x2  
  176  9:25  Centrifical Hooks  
  176  9:29  Drone x2  
  176  9:30  Drone  
  179  9:33  Mutalisk x2  
  179  9:37  Zerg Melee Weapons Level 1  
  183  9:40  Overlord  
  183  9:42  Overlord  
  183  9:49  Drone x2  
  185  9:54  Hive  
  185  10:00  Drone x4  
  185  10:02  Overseer  
  190  10:07  Drone  
  190  10:10  Zergling x18  
  199  10:47  Baneling x12  
  199  10:55  Baneling x9  
  199  10:59  Hatchery  
  197  11:07  Drone x2  
  197  11:08  Greater Spire  
  197  11:09  Adrenal Glands  
  199  11:13  Extractor  
  199  11:15  Drone  
  197  11:31  Extractor, Zergling x4  
  197  11:32  Zerg Melee Weapons Level 2  
  198  11:46  Zergling x6  
  193  12:05  Baneling x18  
  193  12:14  Corruptor  
  193  12:15  Corruptor x4  
  197  12:31  Corruptor x2  
  197  12:32  Corruptor  
  195  12:49  Brood Lord  
  195  12:50  Brood Lord x2  
  199  12:56  Spore Crawler  
  199  12:57  Extractor, Spine Crawler  
  198  12:58  Brood Lord x2, Spine Crawler  
  198  12:59  Spine Crawler  
  198  13:00  Extractor  
  193  13:07  Corruptor x3  
  199  13:13  Spore Crawler  
  198  13:21  Spine Crawler  
  198  13:22  Baneling x6, Spine Crawler x2  
  198  13:23  Brood Lord x2  
  197  13:41  Zergling x2, Brood Lord x2  
  197  13:43  Overlord  
  197  13:44  Overlord  
  197  13:46  Overlord  
  197  13:48  Zergling x12, Brood Lord x2  
  195  13:55  Zergling x26  
  172  13:59  Zergling x32  
  182  14:03  Zergling x36  
  182  14:08  Baneling x14  
  200  14:16  Baneling x6  
  200  14:17  Baneling x11  
  199  14:31  Zergling x30  
  180  14:33  Zergling x2  
  180  14:34  Zergling x2  
  147  14:43  Zergling x12  
  153  14:49  Baneling x6  
  153  14:50  Baneling x3  
Show
View Real Time Build Order
Export as new Build Order

Stats Protoss 

Build Orders: 1 Gate Expand, Mass Adepts 

Get SALT Encoding   

  12  0:00  Probe  
  13  0:12  Probe  
  14  0:20  Pylon  
  14  0:24  Probe  
  14  0:27  Assimilator  
  15  0:38  Probe (Chrono Boost)  
  16  0:44  Gateway  
  16  0:48  Probe (Chrono Boost)  
  17  0:53  Probe (Chrono Boost)  
  18  1:04  Probe  
  19  1:16  Probe  
  20  1:23  Nexus  
  20  1:31  Cybernetics Core  
  20  1:34  Probe  
  21  1:42  Assimilator  
  21  1:47  Probe  
  22  1:49  Pylon  
  22  1:58  Adept  
  22  1:59  Probe  
  23  2:07  Warp Gate (Chrono Boost)  
  25  2:11  Probe  
  26  2:17  Twilight Council  
  26  2:23  Probe (Chrono Boost)  
  26  2:28  Stalker  
  29  2:34  Probe (Chrono Boost)  
  30  2:44  Probe x2 (Chrono Boost)  
  32  2:46  Robotics Facility  
  32  2:49  Probe (Chrono Boost)  
  34  3:00  Gateway x2  
  34  3:03  Probe  
  34  3:04  Probe  
  35  3:07  Resonating Glaives (Chrono Boost)  
  35  3:16  Probe  
  35  3:19  Gateway  
  37  3:24  Gateway  
  36  3:30  Warp Prism (Chrono Boost)  
  38  3:35  Probe  
  38  3:37  Probe  
  40  3:44  Pylon  
  40  3:54  Adept x2  
  40  3:55  Adept  
  46  3:56  Pylon  
  46  4:02  Probe x2  
  48  4:03  Pylon  
  48  4:14  Probe  
  50  4:21  Adept  
  50  4:22  Adept x3  
  50  4:23  Adept  
  59  4:30  Pylon  
  59  4:32  Assimilator  
  59  4:37  Probe x2  
  59  4:43  Adept x3  
  56  4:47  Adept  
  49  4:55  Probe x2  
  48  5:01  Adept  
  44  5:07  Probe x2 (Chrono Boost)  
  44  5:09  Adept x2  
  44  5:21  Probe x2 (Chrono Boost)  
  46  5:23  Immortal (Chrono Boost)  
  46  5:28  Probe x2 (Chrono Boost)  
  52  5:40  Probe x2  
  54  5:52  Immortal (Chrono Boost)  
  58  5:59  Probe x2  
  60  6:05  Sentry  
  60  6:06  Sentry x2  
  60  6:09  Pylon x2  
  60  6:11  Probe x2  
  60  6:20  Assimilator  
  60  6:21  Immortal (Chrono Boost)  
  65  6:25  Probe x2  
  65  6:28  Sentry  
  64  6:47  Sentry  
  64  6:53  Observer (Chrono Boost)  
  67  6:56  Zealot x4  
  67  6:58  Gateway  
  67  7:00  Probe x2  
  77  7:04  Pylon  
  77  7:05  Warp Prism (Chrono Boost)  
  79  7:12  Stalker  
  79  7:15  Nexus  
  81  7:19  Stalker  
  83  7:26  Stalker  
  85  7:33  Probe x2  
  85  7:35  Forge  
  85  7:36  Templar Archives  
  87  7:59  Probe x2  
  87  8:04  Stalker  
  87  8:05  Stalker x2, Shield Battery, Protoss Ground Weapons Level 1 (Chrono Boost)  
  99  8:12  Psionic Storm  
  99  8:25  Pylon  
  99  8:27  Pylon  
  99  8:28  Probe x3  
  99  8:30  Shield Battery  
  99  8:32  Shield Battery  
  102  8:39  Zealot x2, High Templar  
  108  8:41  High Templar  
  108  8:43  Probe x2  
  108  8:45  Probe  
  109  8:50  Photon Cannon  
  109  8:52  Archon  
  109  8:53  Stalker  
  109  8:55  Photon Cannon  
  111  8:57  Photon Cannon  
  111  9:03  Pylon  
  111  9:05  Assimilator  
  111  9:09  Probe  
  110  9:10  Probe x2  
  109  9:29  Probe x3  
  109  9:31  Assimilator, High Templar x3  
  112  9:32  Zealot, High Templar  
  112  9:36  Gateway  
  112  9:37  Gateway  
  122  9:39  Pylon  
  122  9:40  Pylon  
  122  9:41  Probe  
  123  9:53  Protoss Ground Weapons Level 2 (Chrono Boost)  
  123  9:55  Gateway  
  123  9:56  Gateway  
  120  10:00  Probe x3  
  120  10:04  Photon Cannon  
  122  10:09  High Templar x2  
  122  10:10  Charge (Chrono Boost)  
  126  10:22  Probe x2  
  126  10:23  Probe  
  126  10:28  Gateway  
  127  10:36  Stalker  
  127  10:37  Stalker x4  
  134  10:46  Stalker x2  
  134  10:47  Stalker  
  140  10:52  Photon Cannon, Shield Battery  
  140  10:55  Shield Battery  
  140  10:57  Photon Cannon  
  140  10:58  Photon Cannon  
  138  11:04  High Templar x2  
  138  11:05  Zealot x2  
  138  11:08  Photon Cannon  
  138  11:09  Archon  
  146  11:17  Stalker  
  148  11:20  Pylon  
  148  11:21  Pylon  
  148  11:23  Pylon  
  144  11:28  Blink (Chrono Boost)  
  140  11:56  High Templar x3  
  140  11:57  High Templar  
  140  12:00  Protoss Shields Level 1 (Chrono Boost)  
  145  12:02  Probe x3  
  145  12:05  Nexus  
  145  12:06  Archon x2  
  145  12:07  Pylon  
  148  12:09  Zealot x6  
  148  12:10  Pylon  
  159  12:27  Probe x3  
  154  12:33  Zealot  
  154  12:34  Zealot x5  
  156  12:39  Probe x2 (Chrono Boost)  
  158  12:50  Probe (Chrono Boost)  
  158  12:51  Probe x2 (Chrono Boost)  
  161  12:55  Probe x2 (Chrono Boost)  
  161  12:57  Probe (Chrono Boost)  
  164  13:07  High Templar x4  
  164  13:08  High Templar x2  
  164  13:10  Probe x3  
  164  13:11  Archon  
  164  13:12  Archon x2  
  179  13:15  Pylon  
  179  13:25  Zealot, High Templar x2  
  179  13:26  Photon Cannon  
  185  13:29  Archon  
  183  13:39  Zealot x3  
  183  13:40  Zealot  
  175  13:43  Zealot  
  175  13:47  Zealot  
  165  13:58  Zealot, High Templar x4  
  159  14:05  Stalker x3  
  159  14:14  Archon  
  159  14:17  Archon  
  159  14:18  Stalker x3  
  129  14:34  Archon x2  
  129  14:35  Stalker  
  129  14:36  Stalker x5  
  121  14:40  Stalker  
  121  14:44  Stalker  
  121  14:45  Stalker  
Tags
 
Add a new tag
Caveats
  • Supply blocks, unpowered buildings, or Contaminate may cause inaccurate times.
  • Supply counts are checked every 10 seconds.